 Seeded DCSS version 0.25-a0-591-g2ad0d86 (webtiles) character file.

Game seed: 5401609482515749458, levelgen mode: deterministic

198743 araganzar the Severer (level 17, 0/129 HPs)
             Began as a Green Draconian Chaos Knight on Mar 11, 2020.
             Was the Champion of Okawaru.
             Killed by divine providence
             ... invoked by a meliai
              (13 damage)
             ... on level 2 of the Spider Nest on Mar 13, 2020.
             The game lasted 02:55:14 (47748 turns).

araganzar the Severer (DrCK)                       Turns: 47748, Time: 02:55:15

Health: 0/129      AC: 20    Str: 20    XL:     17   Next: 82%
Magic:  19/24      EV: 16    Int: 19    God:    Okawaru [******]
Gold:   829        SH: 34    Dex: 14    Spells: 2/26 levels left

rFire    . . .     SeeInvis +   a - +7 broad axe of Abomination {flame, rC+ Stlth+}
rCold    + . .     Gourm    .   B - +18 shield of the Gong {rElec rN+ MR+ EV-5}
rNeg     + . .     Faith    +   (armour unavailable)
rPois    +         Spirit   .   R - +2 hat {SInv}
rElec    +         Reflect  .   g - +2 cloak of the Thief {+Fog Slay-2 SInv Stlth+}
rCorr    .         Harm     .   N - +2 pair of gloves {archery}
MR       ++++.                  o - +2 pair of boots {run}
Stlth    +++++.....             u - amulet of faith {Faith, !P}
HPRegen  0.31/turn              S - +3 ring of intelligence
MPRegen  0.19/turn              h - ring of the Mage {Wiz MR++ Int+3}

@: about to teleport, heroism, quick
A: breathe noxious fumes, unfitting armour, stinger 1, talons 1, frail 1, poison
resistance, strong 1, cold-blooded, subdued magic 1, AC +9
}: 1/15 runes: decaying
a: Breathe Noxious Fumes, Heroism, Finesse, Renounce Religion, Evoke Fog


You were on level 2 of the Spider Nest.
You worshipped Okawaru.
Okawaru was exalted by your worship.
You were not hungry.

You visited 6 branches of the dungeon, and saw 30 of its levels.
You also visited: Bailey and Volcano.

You collected 3631 gold pieces.
You spent 2802 gold pieces at shops.


Innate Abilities, Weirdness & Mutations

You can breathe blasts of noxious fumes.
Your lurid green scales are hard. (AC +9)
You cannot fit into any form of body armour.
Your tail ends in a poisonous barb.
Your system is resistant to poisons. (rPois)
You are cold-blooded and may be slowed by cold attacks.
You have sharp toenails.
You are frail. (-10% HP)
Your muscles are strong. (Str +2)
Your spells are a little easier to cast, but a little less powerful.


   Skills:
 + Level 11.4(16.4) Fighting
 + Level 16.5(21.5) Axes
 - Level 9.0(14.0) Throwing
 - Level 8.7(13.7) Dodging
 - Level 15.0(20.0) Shields
 - Level 5.0 Spellcasting
 - Level 3.1 Hexes
 - Level 4.0 Charms
 - Level 6.0 Necromancy
 + Level 6.9 Transmutations
 - Level 3.0 Ice Magic
 + Level 6.8 Earth Magic
 - Level 5.6 Invocations
 - Level 5.0 Evocations


You had 2 spell levels left.
You knew the following spells:

 Your Spells              Type           Power        Failure   Level  Hunger
a - Ozocubu's Armour      Chrm/Ice       ##......     2%          3    ##.....
b - Statue Form           Tmut/Erth      ###......    38%         6    #######
s - Spectral Weapon       Hex/Chrm       ##......     2%          3    ##.....
v - Borgnjor's Vile Clut  Necr/Erth      ###.......   9%          5    ######.
z - Animate Skeleton      Necr           N/A          1%          1    None
A - Animate Dead          Necr           N/A          3%          4    ####...
S - Song of Slaying       Chrm           ###.....     1%          2    #......

Your spell library contained the following spells:

 Spells                   Type           Power        Failure   Level  Hunger
 Infusion                 Chrm           ###.         1%          1    None
 Pain                     Necr           ###.         1%          1    None
 Sandblast                Erth           ###...       1%          1    None
 Corpse Rot               Necr/Air       N/A          1%          2    #......
 Passwall                 Tmut/Erth      ###.....     1%          2    #......
 Sublimation of Blood     Necr           ###.......   1%          2    #......
 Shroud of Golubria       Chrm/Tloc      #.....       2%          2    #......
 Swiftness                Chrm/Air       #.......     2%          2    #......
 Foxfire                  Conj/Fire      #...         4%          1    None
 Shock                    Conj/Air       #...         4%          1    None
 Poisonous Vapours        Pois/Air       #.....       6%          2    #......
 Vampiric Draining        Necr           ###.......   1%          3    ##.....
 Petrify                  Tmut/Erth      ###.....     2%          4    ####...
 Stone Arrow              Conj/Erth      ##....       3%          3    ##.....
 Dispel Undead            Necr           ###.....     3%          4    ####...
 Ice Form                 Ice/Tmut       ###.....     5%          4    ####...
 Inner Flame              Hex/Fire       #.......     7%          3    ##.....
 Lee's Rapid Deconstruct  Erth           ###.......   8%          5    ######.
 Agony                    Necr           ###.....     10%         5    ######.
 Conjure Flame            Conj/Fire      #.......     13%         3    ##.....
 Mephitic Cloud           Conj/Pois/Air  #.......     13%         3    ##.....
 Recall                   Summ/Tloc      N/A          13%         3    ##.....
 Static Discharge         Conj/Air       #.......     13%         3    ##.....
 Excruciating Wounds      Chrm/Necr      ###.......   16%         5    ######.
 Irradiate                Conj/Tmut      ##........   28%         5    ######.
 Hydra Form               Tmut           ###.......   36%         6    #######
 Airstrike                Air            #.........   38%         4    ####...
 Sticky Flame             Conj/Fire      #.......     38%         4    ####...
 Summon Mana Viper        Hex/Summ       #.......     52%         5    ######.
 Aura of Abjuration       Summ           #.........   73%         5    ######.
 Fireball                 Conj/Fire      #.........   73%         5    ######.
 Lightning Bolt           Conj/Air       #.........   73%         5    ######.
 Summon Demon             Summ           #.........   73%         5    ######.
 Summon Forest            Summ/Tloc      #.........   73%         5    ######.
 Dragon Form              Tmut           ###.......   89%         7    #######
 Freezing Cloud           Conj/Ice/Air   #.........   98%         6    #######
 Shadow Creatures         Summ           N/A          99%         6    #######
 Ring of Flames           Chrm/Fire      #.........   100%        7    #######

Inventory:

Hand Weapons
 a - the +7 broad axe of Abomination (weapon) {flame, rC+ Stlth+}
   (Okawaru gifted it to you on level 4 of the Lair of Beasts)

   It has been specially enchanted to burn those struck by it, causing extra
   injury to most foes and up to half again as much damage against particularly
   susceptible opponents.
   Big, fiery blades are also staple armaments of hydra-hunters.
   It protects you from cold.
   It makes you more stealthy.
 s - a +0 demon trident of draining
   (You took it off Louise on level 3 of the Swamp)
 Q - a +3 vorpal broad axe
   (You took it off Donald on level 2 of the Spider Nest)
Missiles
 r - 23 silver javelins (quivered)
 x - 4 throwing nets {=f, !d}
 y - 18 atropa-tipped darts
 C - 19 curare-tipped darts
Armour
 g - the +2 cloak of the Thief (worn) {+Fog Slay-2 SInv Stlth+}
   (You bought it in a shop on level 2 of the Orcish Mines)

   It affects your accuracy and damage with ranged weapons and melee attacks
   (-2).
   It lets you see invisible.
   It makes you more stealthy.
 o - a +2 pair of boots of running (worn)
   (Okawaru gifted it to you on level 6 of the Lair of Beasts)
 B - the +18 shield of the Gong (worn) {rElec rN+ MR+ EV-5}
   (You acquired it on level 11 of the Dungeon)

   It affects your evasion (-5).
   It insulates you from electricity.
   It protects you from negative energy.
   It affects your resistance to hostile enchantments.
 N - a +2 pair of gloves of archery (worn)
   (You found it on level 1 of the Lair of Beasts)
 R - a +2 hat of see invisible (worn)
   (Okawaru gifted it to you on level 3 of the Lair of Beasts)
Jewellery
 h - the ring of the Mage (right hand) {Wiz MR++ Int+3}
   (You bought it in a shop on level 2 of the Orcish Mines)

   [ring of wizardry]

   It improves your spell success rate.
   It affects your intelligence (+3).
   It affects your resistance to hostile enchantments.
 n - an uncursed ring of flight {+Fly, !d}
   (You found it on level 15 of the Dungeon)
 u - an amulet of faith (around neck) {Faith, !P}
   (You found it on level 5 of the Dungeon)
 E - an uncursed ring of fire {rF+, rC-}
   (You found it on level 15 of the Dungeon)
 S - a +3 ring of intelligence (left hand)
   (You found it on level 2 of the Spider Nest)
Wands
 j - a wand of scattershot (6)
   (You found it on level 2 of the Swamp)
 p - a wand of paralysis (10)
   (You took it off Ijyb on level 3 of the Dungeon)
 H - a wand of digging (20)
   (You bought it in a shop on level 13 of the Dungeon)
 I - a wand of acid (15)
   (You found it on level 7 of the Dungeon)
 V - a wand of iceblast (3)
   (You found it on level 13 of the Dungeon)
 X - a wand of clouds (5)
   (You found it on level 3 of the Lair of Beasts)
Scrolls
 e - 10 scrolls of remove curse
 l - 6 scrolls of teleportation
 q - 2 scrolls of enchant armour
 t - 6 scrolls of fog
 v - 3 scrolls of magic mapping {!r}
 w - a scroll of fear
 D - 7 scrolls of identify
 O - a scroll of enchant weapon
 P - a scroll of silence
 T - a scroll of blinking {!r}
 U - 3 scrolls of summoning
Potions
 c - 2 potions of flight
 d - a potion of heal wounds
 f - a potion of invisibility
 m - 2 potions of cancellation
 z - 3 potions of haste
 A - 13 potions of curing
 J - 5 potions of might
 K - a potion of lignification {!q}
 W - 3 potions of resistance
Miscellaneous
 F - a lightning rod (4/4)
   (You found it in a bailey)
 L - a phantom mirror
Comestibles
 k - 35 rations
 Z - 2 chunks of flesh {@w0}

##.#..........##...........
####..........###....^....
#.........# ....####..
..........#....##^.###
##....##....#...##.
##.y....#....##..#^.
#..y.}^.# ##..... ###ys.#.#
#...... #[.@.#### ##.....
##...# ##.... #..## #.^..
#..##### ####<...
#...##.#####..^...#
##........##......#
##...............#
##............^.#
#...###..^..##.#


You could see a wolf spider and 3 meliai.


Message History

* * * LOW HITPOINT WARNING * * *
The wolf spider hits you but does no damage.
The wolf spider bites you but does no damage.
You take 9 damage, and have 29/129 hp.
Unknown command.
Unknown command.
Okay, then.
Unknown command.
The meliai calls down the wrath of its god upon you.
Something smites you!
* * * LOW HITPOINT WARNING * * *
You take 15 damage, and have 14/129 hp.
Unknown command.
Unknown command.
Okay, then.
Okay, then.
Unknown command.
You feel much better.
The meliai calls down the wrath of its god upon you.
Something smites you!
* * * LOW HITPOINT WARNING * * *
The meliai barely misses you. You block the meliai's attack.
SHROANNG!
You block the wolf spider's attack.
BOUMMMMG!
The wolf spider bites you but does no damage.
The meliai mumbles some strange prayers to its god against you.
Something smites you!
You die...
Xom giggles madly!

Action                   |  1- 3 |  4- 6 |  7- 9 | 10-12 | 13-15 | 16-18 || total
-------------------------+-------+-------+-------+-------+-------+-------++-------
Melee: Hand axe          |    98 |   200 |   553 |   115 |       |       ||   966
       Tailslap          |    13 |    23 |    76 |    87 |   111 |   155 ||   465
       Punch             |       |       |     2 |     1 |       |       ||     3
       War axe           |       |       |       |   167 |       |       ||   167
       Headbutt          |       |       |       |    96 |   163 |    67 ||   326
       Battleaxe         |       |       |       |   377 |    18 |       ||   395
       Broad axe         |       |       |       |       |   833 |  1121 ||  1954
 Fire: Hand crossbow     |     3 |     4 |     1 |       |       |       ||     8
Throw: Stone             |       |       |     1 |       |       |       ||     1
       Javelin           |       |       |    13 |    71 |    44 |    41 ||   169
       Dart              |       |       |       |     9 |       |       ||     9
 Cast: Animate Skeleton  |       |       |     9 |    26 |    38 |    21 ||    94
       Ozocubu's Armour  |       |       |       |    14 |    18 |     9 ||    41
       Spectral Weapon   |       |       |       |       |     8 |    23 ||    31
       Song of Slaying   |       |       |       |       |     3 |     1 ||     4
       Borgnjor's Vile C |       |       |       |       |       |     4 ||     4
Invok: Heroism           |       |       |     5 |    24 |    14 |    23 ||    66
       Finesse           |       |       |       |     1 |     1 |     4 ||     6
 Abil: Breathe Noxious F |       |       |       |    12 |     4 |     3 ||    19
       Evoke Flight      |       |       |       |     1 |       |     1 ||     2
Evoke: Wand              |       |     5 |     6 |    14 |     9 |       ||    34
  Use: Scroll            |       |     2 |    11 |    17 |    14 |    10 ||    54
       Potion            |       |       |       |     2 |     3 |     8 ||    13
 Stab: Sleeping          |     1 |       |     2 |     6 |    21 |     4 ||    34
       Petrified         |     3 |       |     2 |       |     2 |       ||     7
       Paralysed         |       |     8 |    10 |     3 |     5 |       ||    26
       Petrifying        |       |     1 |       |       |     1 |       ||     2
       Distracted        |       |       |     2 |     3 |     2 |     5 ||    12
       Confused          |       |       |       |     8 |     1 |     3 ||    12
  Eat: Chunk             |       |     4 |    15 |    22 |    27 |    10 ||    78
       Ration            |       |     1 |     1 |     7 |     5 |    11 ||    25
Armor: Skin              |    23 |    60 |   140 |   200 |   281 |   243 ||   947
Dodge: Dodged            |    67 |   177 |   276 |   440 |   557 |   295 ||  1812
Block: Buckler           |       |       |       |       |   199 |    15 ||   214
       Kite shield       |       |       |       |       |       |  1540 ||  1540

Levels and vault maps discovered:
D:1:      dpeg_arrival_caged_fury, layout_loops_ring
D:2:      layout_rooms, kennysheep_okawaru_gauntlet, serial_forest,
          infiniplex_forest_join, infiniplex_forest_end_2,
          infiniplex_forest_end_3, infiniplex_forest_lined_3_way,
          infiniplex_forest_clump_small, infiniplex_forest_pool, first_ration,
          minmay_misc_feat_alley, grunt_ministairs_14, minmay_hedge_maze
D:3:      layout_loops_corners, nicolae_overflow_crystal_walls,
          hangedman_ru_absence, gammafunk_ghost_cemetery, uniq_sigmund,
          uniq_robin, uniq_grinder, uniq_natasha, uniq_ijyb
D:4:      layout_loops_ring, tso_oasis_becter, yredelemnul_altar_generic,
          lemuel_round_altar, grunt_dithmenos_smoke_and_mirrors,
          uniq_blork_the_orc, uniq_edmund
D:5:      layout_rooms, dancing_weapons_uskayaw, basic_altar, minmay_bent
D:6:      layout_cave_pools, kennysheep_vampire_church, cheibriados_altar_1,
          minmay_temple_entry_grid, basic_altar
D:7:      layout_gridville, grunt_temple_overflow_forces_of_nature,
          grunt_gozag_statues, makhleb_blood_cavern_becter, serial_shops,
          nicolae_shop_stone, grunt_ogre_cave
D:8:      layout_basic, lair_entry_dummy, nemelex_spade_bored_becter
D:9:      layout_long_grid, bloody_trog, old_standard_altar,
          gammafunk_ghost_arena, basic_altar
D:10:     layout_long_grid, uniq_snorg, uniq_harold, uniq_grum
D:11:     layout_roguey, orc_0_dummy, serial_shops, nicolae_shop_behind_doors,
          enter_bailey_3, elyvilon_altar_3
D:12:     minmay_bubble_buster, layout_basic
D:13:     layout_cave_pods, david_vaults_4, serial_shops, shop_statue,
          uniq_nessos
D:14:     layout_loops_cross, fountainhead
D:15:     grunt_enter_depths_giant_problem, layout_irregular_city,
          dk_noncrumbling_3, serial_column_ruins, column_ruins_circle_medium,
          column_ruins_open_medium, column_ruins_open_tiny,
          column_ruins_open_large, column_ruins_grid_1,
          column_ruins_columns_water, serial_shops, nicolae_shop_behind_doors
Temple:   corrupted_temple
Lair:1:   layout_regular_city, serial_bayou, serial_bayou_pond_b,
          serial_bayou_ford_a, serial_bayou_pond_a, serial_bayou_crossing,
          serial_bayou_shore_b, chequers_serial_rivers_micro_c, minivault_24,
          cheibrodos_lair_reptile_den
Lair:2:   layout_roguey, minmay_shattered_shrine, lemuel_fruit_tree,
          minmay_lair_oklob_chamber
Lair:3:   layout_cave_shapes, nicolae_spider_entry_tight_spaces
Lair:4:   layout_small_grid, minmay_swamp_entry_reptiles,
          nicolae_volcano_entry_two_sided, wad_woods_antlair
Lair:5:   layout_cave_pods, slime_altar_2, chequers_serial_rivers_small_a,
          guppyfry_lair_drakes
Lair:6:   evil_forest, layout_gridlike, infiniplex_staircase_pool_2,
          serial_bayou_shore_b, serial_bayou_shore_b, uniq_josephine
Swamp:1:  layout_falls_marsh, evilmike_swamp_ruin_house_6
Swamp:2:  layout_basic_swamp, serial_swamp_ruin, evilmike_swamp_ruin_wall,
          evilmike_swamp_ruin_house_1, evilmike_swamp_ruin_house_4, swamp_pool5,
          uniq_kirke
Swamp:3:  layout_falls_marsh, evilmike_swamp_ruin_house_5, swamp_pool1,
          infiniplex_staircase_pool, uniq_louise
Swamp:4:  swamp_icy, layout_basic_swamp
Spider:1: layout_spider_delve
Spider:2: layout_spider_delve, uniq_donald
Orc:1:    layout_caves, ebering_ghost_rock_garden, minmay_orc_barracks,
          uniq_jorgrun
Orc:2:    grunt_orc_gardens, layout_diamond_mine, grunt_orc_garden,
          grunt_orc_garden, grunt_orc_garden, grunt_orc_garden, serial_shops,
          shop, shop, nicolae_shop_waterfront, shop, uniq_saint_roka

Notes
Turn   | Place    | Note
-------+----------+-------------------------------------------
     0 | D:1      | araganzar the Draconian Chaos Knight began the quest for
                  | the Orb.
     0 | D:1      | Reached XP level 1. HP: 19/19 MP: 1/1
     1 | D:1      | Found a runed translucent door.
    20 | D:1      | XOM: divination: detect creatures
   105 | D:1      | Reached XP level 2. HP: 26/27 MP: 2/2
   227 | D:1      | XOM: scenery: create altars
   282 | D:1      | XOM: divination: detect creatures
   312 | D:1      | XOM: harmless Necr miscast
   338 | D:1      | Reached skill level 4 in Fighting
   355 | D:1      | XOM: noise
   634 | D:2      | XOM: polymorph bat -> jackal
   635 | D:2      | Reached XP level 3. HP: 29/33 MP: 3/3
   900 | D:2      | XOM: harmless Necr miscast
   936 | D:2      | Reached skill level 4 in Axes
   936 | D:2      | Reached XP level 4. HP: 32/41 MP: 4/4
  1000 | D:2      | Found an iron altar of Okawaru.
  1008 | D:2      | Fell from the grace of Xom
  1008 | D:2      | Became a worshipper of Warmaster Okawaru
  1745 | D:3      | Noticed Robin
  2033 | D:3      | Noticed Natasha
  2040 | D:4      | Noticed Blork the orc
  2049 | D:3      | Killed Natasha
  2049 | D:3      | Reached skill level 5 in Fighting
  2049 | D:3      | Reached XP level 5. HP: 45/48 MP: 5/5
  2306 | D:1      | Reached skill level 5 in Axes
  2423 | D:3      | Noticed Natasha
  2436 | D:3      | Killed Natasha
  2436 | D:3      | Reached skill level 1 in Invocations
  2436 | D:3      | Reached skill level 1 in Evocations
  2522 | D:3      | Noticed Natasha
  2523 | D:3      | Killed Natasha
  2523 | D:3      | Reached XP level 6. HP: 52/56 MP: 5/7
  2560 | D:3      | Killed Robin
  2651 | D:3      | Reached skill level 2 in Invocations
  2686 | D:3      | Found a shimmering blue altar of Sif Muna.
  2768 | D:3      | Noticed Ijyb
  2769 | D:3      | Killed Ijyb
  2769 | D:3      | Reached * piety under Okawaru
  2769 | D:3      | Reached skill level 2 in Evocations
  2802 | D:3      | Found a runed translucent gate.
  2802 | D:3      | Found a runed translucent gate.
  2802 | D:3      | Found a runed translucent gate.
  2806 | D:3      | Noticed sfogarty's ghost (amateur GrFi)
  2806 | D:3      | Noticed Ufapt's ghost (amateur TrFi)
  2807 | D:3      | Noticed Arctirus's ghost (amateur OpWz)
  2816 | D:3      | Noticed Sigmund
  2825 | D:3      | Killed Sigmund
  2825 | D:3      | Reached skill level 6 in Axes
  2961 | D:3      | Found a sacrificial altar of Ru.
  3053 | D:3      | Your scales start taking on a lurid green colour.
  3053 | D:3      | Reached XP level 7. HP: 61/61 MP: 8/8
  3053 | D:3      | Gained mutation: Your system is resistant to poisons.
                  | (rPois) [Green Draconian growth]
  3209 | D:3      | Noticed Grinder
  3218 | D:3      | Killed Grinder
  3218 | D:3      | Reached skill level 7 in Axes
  3457 | D:4      | Found a basalt altar of Yredelemnul.
  3469 | D:4      | XOM: 3-stop teleportation journey
  3472 | D:5      | Entered Level 5 of the Dungeon
  3488 | D:5      | Reached ** piety under Okawaru
  3488 | D:5      | Reached skill level 8 in Axes
  3540 | D:5      | Reached XP level 8. HP: 61/68 MP: 9/9
  3796 | D:5      | Noticed a +0 hand axe
  3797 | D:5      | Noticed a +3 hand axe
  3798 | D:5      | Found a hide-covered altar of Uskayaw.
  3841 | D:5      | Found a stormy altar of Qazlal.
  3842 | D:5      | Reached skill level 3 in Dodging
  3873 | D:5      | Reached skill level 6 in Fighting
  4081 | D:5      | XOM: summons 1 hostile demon
  4104 | D:5      | XOM: mild Chrm miscast
  4245 | D:4      | Reached skill level 9 in Axes
  4421 | D:4      | Found a shadowy altar of Dithmenos.
  4513 | D:4      | Killed Blork the orc
  4524 | D:4      | Reached skill level 4 in Dodging
  4537 | D:4      | Reached *** piety under Okawaru
  4772 | D:4      | Received a gift from Okawaru
  4772 | D:4      | Reached skill level 1 in Throwing
  5078 | D:4      | Reached XP level 9. HP: 65/78 MP: 10/10
  5088 | D:4      | Found a glowing golden altar of the Shining One.
  5094 | D:4      | XOM: god gift: papyrus book {god gift}
  5198 | D:4      | Noticed Edmund
  5213 | D:4      | Killed Edmund
  5213 | D:4      | Reached skill level 7 in Fighting
  5244 | D:4      | Found a shimmering altar of Xom.
  5411 | D:4      | XOM: mild Tmut miscast
  5531 | D:4      | XOM: medium Summ miscast
  5583 | D:4      | XOM: mild Chrm miscast
  5838 | D:6      | XOM: noise
  5853 | D:6      | Found a snail-covered altar of Cheibriados.
  5865 | D:6      | Reached skill level 2 in Throwing
  5994 | D:6      | XOM: mild Erth miscast
  6002 | D:6      | Found a hide-covered altar of Uskayaw.
  6052 | D:6      | Learned a level 1 spell: Animate Skeleton
  6122 | D:6      | Reached skill level 1 in Spellcasting
  6122 | D:6      | Reached skill level 1 in Necromancy
  6142 | D:6      | XOM: noise
  6222 | D:6      | XOM: medium Conj miscast
  6366 | D:6      | XOM: noise
  6382 | D:6      | Found an ancient bone altar of Kikubaaqudgha.
  6459 | D:6      | Reached skill level 3 in Throwing
  6489 | D:6      | XOM: silly message
  6524 | D:6      | Found a staircase to the Ecumenical Temple.
  6528 | Temple   | Entered the Ecumenical Temple
  6745 | D:7      | XOM: noise
  6926 | D:7      | Reached **** piety under Okawaru
  6926 | D:7      | Reached skill level 10 in Axes
  6926 | D:7      | Reached skill level 2 in Spellcasting
  6926 | D:7      | Reached skill level 2 in Necromancy
  7270 | D:7      | Found an opulent altar of Gozag.
  7643 | D:7      | Reached skill level 3 in Necromancy
  7738 | D:7      | Found a blossoming altar of Fedhas.
  7798 | D:7      | Found a burning altar of Makhleb.
  7850 | D:7      | Received a gift from Okawaru
  7870 | D:7      | Found Waskysk's Distillery.
  7891 | D:7      | Bought a potion of might for 56 gold pieces
  7891 | D:7      | Bought a potion of lignification for 42 gold pieces
  7909 | D:7      | Found a stormy altar of Qazlal.
  7964 | D:7      | Reached skill level 3 in Evocations
  8557 | D:8      | Reached XP level 10. HP: 77/87 MP: 13/13
  8692 | D:8      | XOM: medium Erth miscast
  8805 | D:8      | XOM: mild Conj miscast
  8820 | D:8      | Reached skill level 8 in Fighting
  8914 | D:8      | XOM: medium Necr miscast
  8972 | D:8      | Reached skill level 4 in Necromancy
  9176 | D:8      | Found a sparkling altar of Nemelex Xobeh.
  9257 | D:8      | Found a staircase to the Lair.
  9323 | D:8      | Reached ***** piety under Okawaru
  9396 | D:8      | XOM: scenery: 1 doors open, 2 doors close
  9484 | D:8      | XOM: give mutation
  9484 | D:8      | Gained mutation: You have a pair of small horns on your
                  | head. [Xom's grace]
  9691 | D:9      | Found a sparkling altar of Nemelex Xobeh.
  9709 | D:9      | Found an opulent altar of Gozag.
  9831 | D:9      | Found a bloodstained altar of Trog.
  9874 | D:9      | Reached skill level 4 in Evocations
 10016 | D:9      | Received a gift from Okawaru
 10016 | D:9      | Reached skill level 3 in Invocations
 10310 | D:9      | Learned a level 2 spell: Song of Slaying
 10314 | D:9      | Learned a level 3 spell: Ozocubu's Armour
 10318 | D:9      | Learned a level 3 spell: Spectral Weapon
 10323 | D:9      | Noticed Cuagunuost's ghost (novice GnWn)
 10324 | D:9      | Noticed a wolf spider
 10415 | D:9      | Found a transporter.
 10417 | D:9      | Found a transporter.
 10656 | D:10     | Entered Level 10 of the Dungeon
 10694 | D:10     | Reached skill level 1 in Charms
 10694 | D:10     | Reached skill level 4 in Invocations
 10733 | D:10     | XOM: swap monsters
 10746 | D:10     | Reached skill level 5 in Evocations
 10853 | D:10     | XOM: medium Chrm miscast
 10873 | D:10     | XOM: mild Air miscast
 11073 | D:10     | Noticed Snorg
 11430 | D:10     | Noticed Grum
 11442 | D:10     | Reached skill level 2 in Charms
 11447 | D:10     | Killed Grum
 11592 | D:10     | Noticed Harold
 11608 | D:10     | Killed Harold
 11608 | D:10     | Reached skill level 3 in Charms
 11608 | D:10     | Reached skill level 5 in Invocations
 11856 | D:10     | XOM: medium Erth miscast
 11897 | D:10     | Received a gift from Okawaru
 12154 | D:10     | XOM: swap monsters
 12164 | D:10     | Reached skill level 1 in Hexes
 12164 | D:10     | Reached skill level 1 in Ice Magic
 12325 | D:10     | Killed Snorg
 12325 | D:10     | Reached XP level 11. HP: 34/93 MP: 13/15
 12528 | D:10     | Received a gift from Okawaru
 12537 | D:10     | Reached skill level 3 in Spellcasting
 12537 | D:10     | Reached skill level 2 in Ice Magic
 12799 | D:10     | XOM: noise
 12799 | D:10     | Was forgiven by Xom
 12874 | D:10     | Learned a level 3 spell: Vampiric Draining
 12879 | D:10     | Learned a level 4 spell: Animate Dead
 12951 | Lair:1   | Entered Level 1 of the Lair of Beasts
 12960 | Lair:1   | Reached skill level 2 in Hexes
 13309 | Lair:1   | HP: 6/93 [porcupine (7)]
 13314 | D:8      | Reached skill level 11 in Axes
 13706 | Lair:1   | Reached skill level 3 in Ice Magic
 14104 | Lair:1   | Reached skill level 3 in Hexes
 14923 | Lair:2   | Got a pair of translucent boots
 14929 | Lair:2   | Identified the +2 pair of boots of Ikkam {+Blink +Fly
                  | Str-4} (You found it on level 2 of the Lair of Beasts)
 15041 | Lair:2   | Noticed an oklob plant
 15066 | Lair:2   | Killed an oklob plant
 15105 | Lair:2   | Noticed a four-headed hydra
 15112 | Lair:2   | Killed a four-headed hydra
 15112 | Lair:2   | Reached skill level 4 in Throwing
 15112 | Lair:2   | Reached skill level 5 in Dodging
 15385 | Lair:2   | Noticed a death yak
 15399 | Lair:2   | Killed a death yak
 15614 | Lair:2   | Reached ****** piety under Okawaru
 15614 | Lair:2   | Received a gift from Okawaru
 15869 | Lair:2   | Reached skill level 5 in Throwing
 16143 | Lair:2   | HP: 5/94 [black mamba (11)]
 16850 | Lair:2   | Reached skill level 6 in Dodging
 16922 | Lair:2   | Reached skill level 4 in Charms
 17591 | Lair:3   | Reached XP level 12. HP: 103/103 MP: 12/16
 17616 | Lair:3   | Reached skill level 12 in Axes
 18034 | Lair:3   | Received a gift from Okawaru
 18367 | Lair:3   | Noticed a four-headed hydra
 18376 | Lair:3   | Killed a four-headed hydra
 18420 | Lair:3   | Found a hole to the Spider Nest.
 18452 | Lair:3   | Reached skill level 9 in Fighting
 19001 | Lair:4   | Noticed an eight-headed hydra
 19209 | Lair:4   | Noticed an entropy weaver
 19241 | Lair:4   | Found a dark tunnel.
 19250 | Volcano  | Entered a volcano
 19823 | Volcano  | Reached skill level 6 in Throwing
 20192 | Lair:4   | Noticed a death yak
 20192 | Lair:4   | Noticed a death yak
 20194 | Lair:4   | Noticed a death yak
 20195 | Lair:4   | Noticed a death yak
 20223 | Lair:4   | Killed a death yak
 20262 | Lair:4   | Killed a death yak
 20262 | Lair:4   | Reached skill level 10 in Fighting
 20263 | Lair:4   | Killed a death yak
 20301 | Lair:4   | Killed a death yak
 20301 | Lair:4   | Reached skill level 7 in Throwing
 20390 | Lair:4   | Reached skill level 13 in Axes
 20523 | Lair:4   | Killed an entropy weaver
 20523 | Lair:4   | Received a gift from Okawaru
 20771 | Lair:4   | Noticed a queen ant
 20772 | Lair:4   | Noticed an entropy weaver
 20784 | Lair:4   | Killed a queen ant
 20790 | Lair:4   | Found a staircase to the Swamp.
 20797 | Lair:4   | Got a transparent glaive
 20814 | Lair:4   | Received a gift from Okawaru
 21169 | Lair:3   | Killed an eight-headed hydra
 21169 | Lair:3   | Reached XP level 13. HP: 113/113 MP: 14/17
 21406 | Lair:4   | Got a bone broad axe {god gift}
 21407 | Lair:4   | Identified the +7 broad axe of Abomination {flame, rC+
                  | Stlth+} (Okawaru gifted it to you on level 4 of the Lair of
                  | Beasts)
 21416 | Lair:4   | Identified the cursed +1 glaive of the Hummingbird {vorpal,
                  | rC+ Str+2} (You found it on level 4 of the Lair of Beasts)
 21437 | Lair:4   | Killed an entropy weaver
 21437 | Lair:4   | Reached skill level 14 in Axes
 21789 | Lair:4   | Reached skill level 1 in Shields
 21826 | Lair:4   | Reached skill level 2 in Shields
 22127 | Lair:4   | Reached skill level 3 in Shields
 22457 | Lair:5   | Received a gift from Okawaru
 22457 | Lair:5   | Reached skill level 4 in Shields
 22906 | Lair:5   | Found a runed translucent door.
 22910 | Lair:5   | Found a viscous altar of Jiyva.
 23215 | Lair:5   | Reached skill level 5 in Shields
 24245 | Lair:5   | Found a staircase to the Slime Pits.
 24255 | Lair:5   | Received a gift from Okawaru
 24474 | Lair:6   | Entered Level 6 of the Lair of Beasts
 24602 | Lair:6   | Reached skill level 5 in Necromancy
 24657 | Lair:6   | Received a gift from Okawaru
 24669 | Lair:6   | Identified a +1 pair of boots of running (Okawaru gifted it
                  | to you on level 6 of the Lair of Beasts)
 24790 | Lair:6   | Reached skill level 7 in Dodging
 25305 | Lair:6   | Reached skill level 8 in Throwing
 25414 | Lair:6   | Noticed Josephine
 25443 | Lair:6   | Killed Josephine
 26175 | Lair:6   | Gained mutation: Your tail ends in a poisonous barb. [Green
                  | Draconian growth]
 26175 | Lair:6   | Reached XP level 14. HP: 108/121 MP: 18/18
 26831 | Lair:6   | Found a burning altar of Makhleb.
 27186 | Lair:6   | Reached skill level 8 in Dodging
 27190 | Lair:6   | Found a gateway to Hell.
 27531 | D:11     | Received a gift from Okawaru
 27577 | D:11     | Found Athywer's Distillery.
 27580 | D:11     | Bought a potion of might for 60 gold pieces
 27626 | D:11     | Found a staircase to the Orcish Mines.
 27704 | D:11     | Found a flagged portal.
 27712 | Bailey   | Entered a bailey
 27717 | Bailey   | Noticed an orc warlord
 27801 | Bailey   | Reached skill level 15 in Axes
 27903 | Bailey   | Found a runed translucent gate.
 27905 | Bailey   | Found a runed translucent gate.
 27907 | Bailey   | Found a runed translucent gate.
 27963 | Bailey   | Killed an orc warlord
 27963 | Bailey   | Received a gift from Okawaru
 27963 | Bailey   | Reached skill level 9 in Throwing
 28000 | Bailey   | Identified a scroll of acquirement
 28002 | Bailey   | Reached skill level 4 in Spellcasting
 28002 | Bailey   | Reached XP level 15. HP: 128/128 MP: 21/21
 28113 | D:11     | Found a white marble altar of Elyvilon.
 28122 | D:11     | Identified the +0 double sword of the Endless March
                  | {vorpal, rElec MR+++ Dex-5 SInv} (You acquired it on level
                  | 11 of the Dungeon)
 28123 | D:11     | Found the +18 shield of the Gong {rElec rN+ MR+ EV-5}
 28259 | D:11     | Reached skill level 6 in Necromancy
 28687 | D:12     | Received a gift from Okawaru
 28693 | D:12     | Reached skill level 6 in Shields
 29122 | D:12     | Paralysed by an orc for 2 turns
 29286 | D:12     | Reached skill level 7 in Shields
 29740 | D:12     | Reached skill level 8 in Shields
 30030 | D:13     | Received a gift from Okawaru
 30074 | D:13     | Found Onesaom's Gadget Shoppe.
 30103 | D:13     | Bought a wand of digging (7) for 286 gold pieces
 30579 | D:13     | Reached skill level 9 in Shields
 31463 | D:13     | Found a gate to the Vaults.
 31680 | D:13     | Reached skill level 10 in Shields
 32409 | D:13     | Noticed Nessos
 32423 | D:13     | Killed Nessos
 33271 | D:15     | Entered Level 15 of the Dungeon
 33326 | D:15     | Received a gift from Okawaru
 33448 | D:15     | Noticed a fire giant
 33465 | D:15     | Killed a fire giant
 33465 | D:15     | Reached skill level 11 in Shields
 33518 | D:15     | Found a staircase to the Depths.
 33624 | D:15     | Found Bakaekiyx's Food Boutique.
 33630 | D:15     | Received a gift from Okawaru
 34135 | D:15     | Reached XP level 16. HP: 92/136 MP: 22/22
 34875 | Orc:1    | Entered Level 1 of the Orcish Mines
 35157 | Orc:1    | Reached skill level 12 in Shields
 35319 | Orc:1    | Noticed Jorgrun
 35333 | Orc:1    | Killed Jorgrun
 35725 | Orc:1    | You fall into a shaft and drop 1 floor!
 35725 | Orc:2    | Entered Level 2 of the Orcish Mines
 35725 | Orc:2    | Found a staircase to the Elven Halls.
 36017 | Orc:1    | Reached skill level 13 in Shields
 36336 | Orc:1    | Found a runed translucent gate.
 36343 | Orc:1    | Noticed Necsenou's ghost (journeyman GnWn)
 36578 | Orc:1    | Found a runed translucent gate.
 36579 | Orc:1    | Found a runed translucent gate.
 36839 | Orc:2    | Noticed Saint Roka
 37141 | Orc:1    | Received a gift from Okawaru
 37308 | Orc:2    | Received a gift from Okawaru
 37558 | Orc:1    | Reached skill level 11 in Fighting
 38162 | Orc:1    | Killed Saint Roka
 38162 | Orc:1    | Received a gift from Okawaru
 38163 | Orc:1    | Got a pair of translucent gloves {god gift}
 38174 | Orc:1    | Identified the +0 pair of gloves of the Blacksmith {Int+4}
                  | (Okawaru gifted it to you on level 1 of the Orcish Mines)
 38827 | Orc:2    | Found Diobam's Antique Armour Shop.
 38875 | Orc:2    | Found Geonet's Armour Shoppe.
 38932 | Orc:2    | Found Pocvig's Book Shoppe.
 38934 | Orc:2    | Found Ofev's Antique Weapon Emporium.
 38952 | Orc:2    | Found Ret Zefi's Book Shoppe.
 39001 | Orc:2    | Found Liak's Jewellery Boutique.
 39009 | Orc:2    | Bought the ring of the Mage {Wiz MR++ Int+3} for 620 gold
                  | pieces
 39009 | Orc:2    | Found the ring of the Mage {Wiz MR++ Int+3}
 39065 | Orc:2    | Found Hurphureo's Armour Boutique.
 39074 | Orc:2    | Bought the +2 cloak of the Thief {+Fog Slay-2 SInv Stlth+}
                  | for 261 gold pieces
 39074 | Orc:2    | Found the +2 cloak of the Thief {+Fog Slay-2 SInv Stlth+}
 39127 | Orc:2    | Found Paox Wiu's General Store.
 39140 | Orc:2    | Bought a scroll of teleportation for 45 gold pieces
 39295 | Orc:2    | Bought the Catalogue of the Snowflakes and Stones for 945
                  | gold pieces
 39302 | Orc:2    | Learned a level 6 spell: Statue Form
 39420 | Lair:1   | Lost mutation: You have a pair of small horns on your head.
                  | [potion of mutation]
 39420 | Lair:1   | Gained mutation: Scrolls take you a little longer to read.
                  | [potion of mutation]
 39420 | Lair:1   | Gained mutation: Your muscles are strong. (Str +2) [potion
                  | of mutation]
 39510 | D:9      | Killed Cuagunuost's ghost
 39520 | D:9      | Lost mutation: Scrolls take you a little longer to read.
                  | [potion of mutation]
 39520 | D:9      | Lost mutation: Your muscles are strong. (Str +2) [potion of
                  | mutation]
 39520 | D:9      | Gained mutation: You tend to lose your temper in combat.
                  | [potion of mutation]
 39520 | D:9      | Gained mutation: You are resistant to electric shocks.
                  | (rElec) [potion of mutation]
 39520 | D:9      | Gained mutation: Your natural rate of healing is unusually
                  | fast. [potion of mutation]
 39671 | Swamp:1  | Entered Level 1 of the Swamp
 39729 | Swamp:1  | Reached skill level 1 in Transmutations
 39729 | Swamp:1  | Reached skill level 1 in Earth Magic
 39935 | Swamp:1  | Reached skill level 2 in Transmutations
 39940 | Swamp:1  | Reached skill level 2 in Earth Magic
 39941 | Swamp:1  | Received a gift from Okawaru
 40414 | Swamp:2  | Reached skill level 14 in Shields
 40417 | Swamp:2  | Noticed Kirke
 40428 | Swamp:2  | Killed Kirke
 40428 | Swamp:2  | Reached skill level 3 in Transmutations
 40428 | Swamp:2  | Reached skill level 3 in Earth Magic
 40720 | Swamp:2  | Received a gift from Okawaru
 41070 | Swamp:3  | Noticed a thorn hunter
 41127 | Swamp:2  | Killed a thorn hunter
 41173 | Swamp:3  | Reached XP level 17. HP: 144/144 MP: 23/23
 41188 | Swamp:3  | Reached skill level 4 in Transmutations
 41188 | Swamp:3  | Reached skill level 4 in Earth Magic
 41473 | Swamp:3  | Noticed Louise
 41649 | Swamp:3  | Killed Louise
 41649 | Swamp:3  | Received a gift from Okawaru
 41702 | Swamp:3  | Reached skill level 16 in Axes
 41783 | Swamp:3  | Learned a level 2 spell: Swiftness
 41832 | Swamp:3  | Received a gift from Okawaru
 41867 | Swamp:3  | Reached skill level 5 in Transmutations
 41867 | Swamp:3  | Reached skill level 5 in Earth Magic
 41871 | Swamp:3  | Gained mutation: You often lose your temper in combat.
                  | [mutagenic glow]
 41899 | Swamp:3  | Gained mutation: Scrolls take you a little longer to read.
                  | [mutagenic glow]
 42167 | D:7      | Bought a potion of mutation for 112 gold pieces
 42167 | D:7      | Bought a potion of heal wounds for 70 gold pieces
 42167 | D:7      | Bought a potion of resistance for 140 gold pieces
 42167 | D:7      | Lost mutation: Scrolls take you a little longer to read.
                  | [potion of mutation]
 42167 | D:7      | Lost mutation: Your natural rate of healing is unusually
                  | fast. [potion of mutation]
 42167 | D:7      | Lost mutation: You often lose your temper in combat.
                  | [potion of mutation]
 42167 | D:7      | Lost mutation: You are resistant to electric shocks.
                  | (rElec) [potion of mutation]
 42167 | D:7      | Gained mutation: Scrolls take you a little longer to read.
                  | [potion of mutation]
 42167 | D:7      | Gained mutation: You are agile. (Dex +2) [potion of
                  | mutation]
 42291 | Orc:2    | Bought a potion of mutation for 120 gold pieces
 42291 | Orc:2    | Bought a scroll of teleportation for 45 gold pieces
 42291 | Orc:2    | Lost mutation: Scrolls take you a little longer to read.
                  | [potion of mutation]
 42291 | Orc:2    | Lost mutation: You are agile. (Dex +2) [potion of mutation]
 42291 | Orc:2    | Lost mutation: You tend to lose your temper in combat.
                  | [potion of mutation]
 42291 | Orc:2    | Gained mutation: Your spells are a little easier to cast,
                  | but a little less powerful. [potion of mutation]
 42291 | Orc:2    | Gained mutation: You are frail. (-10% HP) [potion of
                  | mutation]
 42291 | Orc:2    | Gained mutation: Your muscles are strong. (Str +2) [potion
                  | of mutation]
 42291 | Orc:2    | Gained mutation: You have sharp toenails. [potion of
                  | mutation]
 42890 | Swamp:4  | Entered Level 4 of the Swamp
 44504 | Swamp:4  | Received a gift from Okawaru
 45072 | Swamp:4  | Got a decaying rune of Zot
 45262 | Lair:1   | Learned a level 5 spell: Borgnjor's Vile Clutch
 45353 | Spider:1 | Entered Level 1 of the Spider Nest
 45815 | Lair:3   | Received a gift from Okawaru
 45815 | Lair:3   | Reached skill level 6 in Transmutations
 45815 | Lair:3   | Reached skill level 6 in Earth Magic
 45868 | Lair:3   | HP: 8/129 [entropy weaver (16)]
 46671 | Spider:1 | Anathematize: !greatrace Ds
 46896 | Spider:1 | beem: Anathematize is a greatdemonspawn!
 46896 | Spider:1 | araganzar: gg!
 46896 | Spider:1 | Anathematize: ty
 46896 | Spider:1 | araganzar: !greatrace Ds
 46896 | Spider:1 | beem: araganzar is a greatdemonspawn!
 46896 | Spider:1 | araganzar: don't think i"m close
 46896 | Spider:1 | araganzar: oh wait
 46896 | Spider:1 | Anathematize: lol
 46896 | Spider:1 | Anathematize: beem is odd
 46896 | Spider:1 | Anathematize: I actually do have great demonspawn though
 46896 | Spider:1 | Anathematize: was a massive pain
 46896 | Spider:1 | Anathematize: I do not recommend, lol
 46896 | Spider:1 | araganzar: I'm pretty sure I have it, I just forgot
 46896 | Spider:1 | Anathematize: right
 46896 | Spider:1 | araganzar: I think only other one is Gargoyle, Ds is a lot
                  | harder though you're right!
 46896 | Spider:1 | araganzar: I bet I splatted a lot more Ds than Gr
 46896 | Spider:1 | Anathematize: yep, those warrior-mages hut my win rate a
                  | bit
 46896 | Spider:1 | Anathematize: *hurt
 46896 | Spider:1 | araganzar: I'm not loving this Dr either
 46896 | Spider:1 | araganzar: I will probably hang it up and see if anyone
                  | else makes it to 1 rune
 46896 | Spider:1 | araganzar: this is a brutal seed
 46896 | Spider:1 | araganzar: no rF yet
 46896 | Spider:1 | Anathematize: Weekly challenge still doesn't count toward
                  | profile, right?
 46896 | Spider:1 | araganzar: nah
 46896 | Spider:1 | araganzar: so no point getting a win
 46896 | Spider:1 | Anathematize: good cloak though
 46896 | Spider:1 | araganzar: yeah I just need a ring and amulet :)
 46896 | Spider:1 | araganzar: think I will wait, if someone else gets 2 runes
                  | I can probably get statue dragon and hydra form goinfg
 46896 | Spider:1 | araganzar: statue form solves a lot of issues for me
 46984 | Spider:2 | araganzar: lol they nerfed clutch, probably needed
 47028 | Spider:2 | Anathematize: Statue form lets spriggan melee extended
 47028 | Spider:2 | araganzar: yeah spriggan of chei :)
 47028 | Spider:2 | Anathematize: vile clutch is still crazy strong though
 47028 | Spider:2 | araganzar: yeah i guess it's a bolt now
 47034 | Spider:2 | Anathematize: not so much by itself
 47046 | Spider:2 | Noticed Donald
 47060 | Spider:2 | Anathematize: but the EV debuff + kiting ability is great
 47065 | Spider:2 | Killed Donald
 47095 | Spider:2 | araganzar: ok got a work meeting, good luck in your dungeon
                  | endeavors
 47095 | Spider:2 | Anathematize: OK, cya later
 47095 | Spider:2 | Upgraded the game from 0.25-a0-589-g1e14c54 to
                  | 0.25-a0-591-g2ad0d86
 47434 | Spider:2 | Received a gift from Okawaru
 47501 | Spider:2 | Received a gift from Okawaru
 47501 | Spider:2 | Reached skill level 5 in Spellcasting
 47648 | Spider:2 | Reached skill level 15 in Shields
 47748 | Spider:2 | Killed from afar by a meliai

Vanquished Creatures
  Saint Roka (Orc:1)
  Jorgrun (Orc:1)
  2 thorn hunters (Swamp:2)
  Kirke (Swamp:2)
  Donald (Spider:2)
  An azure jelly (Swamp:4)
  A fire giant (D:15)
  Louise (Swamp:3)
  3 emperor scorpions
  3 orc warlords
  2 entropy weavers (Lair:4)
  Nessos (D:13)
  Snorg (D:10)
  Josephine (Lair:6)
  A fire dragon (D:13)
  Harold (D:10)
  A hell beast (Lair:6)
  3 ice dragons (Swamp:4)
  A catoblepas (Lair:5)
  15 hydras
  A death knight (D:15)
  A ghost crab (Swamp:3)
  A centaur warrior (D:13)
  A queen ant (Lair:4)
  4 two-headed ogres
  9 alligators
  4 orc high priests
  3 tengu warriors
  The ghost of Cuagunuost the Protected, a novice GnWn (D:9)
  7 death yaks
  A fire crab (Lair:4)
  5 skeletal warriors (D:13)
  4 swamp dragons
  A deep troll (D:13)
  A spriggan druid (Swamp:2)
  A wizard (Lair:6)
  9 orc knights
  2 lindwurms (Volcano)
  3 deep elf magi
  7 wolf spiders
  2 manticores
  6 orb spiders
  5 ugly things
  6 orc sorcerers
  3 cyclopes
  An oklob plant (Lair:2)
  A toenail golem (Volcano)
  An elephant (Lair:5)
  A molten gargoyle (Volcano)
  An orange demon (Lair:6)
  5 black mambas
  A gargoyle (D:12)
  17 spiny frogs
  A centaur skeleton (D:15)
  2 torpor snails
  5 kobold demonologists
  5 rime drakes
  4 demonic crawlers
  2 efreet
  8 komodo dragons
  4 freezing wraiths (Swamp:4)
  A tengu conjurer (D:15)
  2 ice devils (Lair:6)
  8 trolls
  10 hornets
  Grinder (D:3)
  9 jumping spiders
  7 tyrant leeches
  6 bog bodies
  14 hippogriffs
  A blink frog (shapeshifter) (D:13)
  17 blink frogs
  9 slime creatures
  5 dream sheep (Lair:6)
  12 tarantellas
  7 spriggans
  6 wraiths
  2 shadows
  41 redbacks
  Sigmund (D:3)
  A wyvern (D:12)
  2 hogs (Swamp:2)
  3 fire bats (Lair:6)
  22 yaks
  2 basilisks
  4 swamp worm simulacra (Swamp:4)
  Grum (D:10)
  2 steam dragons
  A redback simulacrum (D:14)
  31 vampire mosquitoes
  6 wargs
  Edmund (D:4)
  10 insubstantial wisps
  15 swamp worms
  5 soldier ants
  13 hydra simulacra (Swamp:4)
  4 hell hounds (Lair:6)
  20 water moccasins
  9 porcupines
  2 swamp drakes
  4 ice beasts
  6 sky beasts
  A meliai simulacrum (D:15)
  42 orc warriors
  2 necrophages
  2 wolves (D:10)
  A black bear (D:9)
  17 ogres
  3 phantoms
  16 crocodiles
  6 centaurs
  Blork the orc (D:4)
  6 big kobolds
  20 bullfrogs
  4 earth elementals (Volcano)
  A wyvern zombie (D:13)
  2 gnoll sergeants
  2 scorpions
  A wyvern skeleton (D:13)
  3 killer bees (D:12)
  A vampire bat (D:6)
  13 wights
  5 howler monkeys
  4 electric eels
  6 crimson imps
  3 centaur zombies
  4 jellies
  2 bullfrog skeletons
  A bullfrog zombie (D:12)
  7 hounds
  34 orc wizards
  21 orc priests
  A gnoll shaman (Orc:1)
  8 iguanas
  Ijyb (D:3)
  A hell rat (Lair:2)
  Natasha (thrice) (D:3)
  14 worker ants
  A hound zombie (D:6)
  A hound skeleton (D:4)
  Robin (D:3)
  14 gnolls
  10 adders
  A shadow imp (D:12)
  12 oozes
  3 swamp drake simulacra (Swamp:4)
  4 adder skeletons
  An adder zombie (D:5)
  3 dart slugs
  6 leopard geckos
  108 orcs
  2 ball pythons (D:3)
  12 bats
  3 bat skeletons (D:6)
  3 bat zombies (D:6)
  12 giant cockroaches
  13 goblins
  14 hobgoblins
  20 jackals
  5 quokkas
  6 frilled lizards
  A giant cockroach zombie (D:5)
  45 kobolds
  18 rats
  8 fungi
  8 plants
1106 creatures vanquished.

Vanquished Creatures (collateral kills)
  An ettin (D:13)
  A ghost crab (Swamp:1)
  3 alligators
  A spiny frog (Swamp:3)
  A komodo dragon (Lair:4)
  A blink frog (Lair:6)
  2 tyrant leeches
  A dream sheep (Lair:6)
  A slime creature (Swamp:3)
  A vampire mosquito (Swamp:1)
  A swamp worm (Swamp:4)
  A soldier ant (Lair:4)
  A hydra simulacrum (Swamp:4)
  A water moccasin (Lair:6)
  A hell hound (Lair:6)
  A porcupine (Lair:2)
  An ice beast (D:8)
  A bullfrog (D:8)
  A scorpion (D:7)
  A killer bee (D:12)
  An orc wizard (D:7)
  3 worker ants
  A hound skeleton (D:7)
  2 adders
  A swamp drake simulacrum (Swamp:4)
  An orc (D:7)
32 creatures vanquished.

Vanquished Creatures (others)
  A slime creature (Swamp:4)
  A human (Swamp:2)
  A vampire mosquito (Swamp:2)
  An orc warrior (Orc:2)
  An electric eel (Lair:1)
  10 fungi
  13 plants
  11 spectral weapons
  2 withered plants (D:3)
41 creatures vanquished.

Grand Total: 1179 creatures vanquished
